 Dungeon Crawl Stone Soup version 0.20-a0-739-g6bb112f (webtiles) character file.

506 polly the Ruffian (level 6, -1/46 HPs)
             Began as a Demonspawn Gladiator on Feb 25, 2017.
             Killed from afar by tself55's ghost (6 damage)
             ... with a zap
             ... on level 4 of the Dungeon.
             The game lasted 00:05:36 (4620 turns).

polly the Ruffian (Demonspawn Gladiator)            Turns: 4620, Time: 00:05:36

Health: -1/46      AC:  7    Str: 16    XL:     6   Next: 97%
Magic:  6/6        EV: 14    Int:  9    God:
Gold:   210        SH:  0    Dex: 15    Spells: 5/5 levels left

rFire    . . .     SeeInvis .     - Unarmed
rCold    . . .     Gourm    .   k - +0 ring mail
rNeg     . . .     Faith    .   (no shield)
rPois    .         Spirit   .   c - +0 helmet
rElec    .         Reflect  .   (no cloak)
rCorr    .         Harm     .   l - +0 pair of gloves
MR       .....                  (no boots)
Stlth    +.........             (no amulet)
Regen    0.2/turn               (no ring)
MPRegen  0.1/turn               (no ring)

@: no status effects
A: claws 2, repulsion field 1, demonic guardian 1
a: no special abilities


You were on level 4 of the Dungeon.
You were not hungry.

You visited 1 branch of the dungeon, and saw 4 of its levels.

You collected 210 gold pieces.

Inventory:

Missiles
 d - a throwing net (quivered)
Armour
 c - a +0 helmet (worn)
 k - a +0 ring mail (worn)
 l - a +0 pair of gloves (worn)
Scrolls
 a - a scroll of random uselessness {unknown}
 b - 3 scrolls of identify {unknown}
 e - 3 scrolls of teleportation {unknown}
 h - a scroll of enchant weapon {unknown}
 i - 3 scrolls of recharging {unknown}
 m - a scroll of enchant armour {unknown}
 n - 2 scrolls of noise {unknown}
Potions
 g - 3 potions of curing
 j - 3 potions of agility {unknown}
 p - 2 potions of lignification {unknown}
 s - a potion of ambrosia {unknown}
 t - a potion of flight {unknown}
Comestibles
 f - 3 bread rations
 o - 2 meat rations
 r - a royal jelly


   Skills:
 + Level 2.7 Fighting
   Level 3.0 Long Blades
 + Level 1.9 Throwing
 + Level 2.0 Armour
 + Level 3.8 Dodging
 - Level 1.0 Stealth
 * Level 4.7 Unarmed Combat


You had 5 spell levels left.
You didn't know any spells.

Dungeon Overview and Level Annotations

Branches:
Dungeon (4/15)
 Temple: D:4-7

Altars:
Trog
Xom
Zin

Annotations:
D:4 tself55's ghost, amateur TeAE


Innate Abilities, Weirdness & Mutations

You have very sharp fingernails.
You are surrounded by a mild repulsion field. (EV +2)
A weak demonic guardian rushes to your aid.


Message History

You catch the helpless tself55's ghost completely off-guard!
You hit tself55's ghost but do no damage.
Tself55's ghost is severely damaged.
Your quasit closely misses tself55's ghost.
Your quasit claws tself55's ghost but does no damage.
Your quasit closely misses tself55's ghost.
Tself55's ghost hits you but does no damage.
Your quasit bites tself55's ghost but does no damage.
Your quasit claws tself55's ghost but does no damage. x2
Unknown command.
Unknown command.
You hit tself55's ghost. You punch tself55's ghost.
Tself55's ghost is almost destroyed.
Your quasit bites tself55's ghost but does no damage.
Your quasit misses tself55's ghost.
Your quasit claws tself55's ghost.
Your quasit bites tself55's ghost but does no damage.
Your quasit closely misses tself55's ghost. x2
Tself55's ghost casts a spell at you. The zap hits you!
You die...

..........# ..........####
..........#...............
..........#...............
#######'###...............
..........................
...........###########....
.........55# ... #....
.........§W#..... #....
.........@.'..... #....
...........#..... #....
###.....(..#..... #....
#...$....# .... #....
#........# '#######....
#......... ............
#.......... ............
#....=..................
.............


You could see tself55's ghost and 2 friendly quasits.

Vanquished Creatures
  Grinder (D:3)
  An orc wizard (D:3)
  Jessica (D:2)
  Natasha (thrice) (D:3)
  A hound skeleton (D:4)
  2 gnolls (D:3)
  3 adders (D:2)
  An ooze (D:2)
  An adder skeleton (D:4)
  4 worms
  2 leopard geckos (D:1)
  10 orcs
  5 giant cockroaches
  15 goblins
  5 hobgoblins
  7 jackals
  5 kobolds
  A quokka (D:4)
  2 ball pythons
  6 bats
  3 frilled lizards
  12 rats
91 creatures vanquished.

Vanquished Creatures (collateral kills)
  An ogre (D:4)
  Robin (D:2)
  A gnoll (D:3)
  6 goblins
  A hobgoblin (D:2)
  A jackal (D:4)
  A leopard gecko skeleton (D:4)
12 creatures vanquished.

Grand Total: 103 creatures vanquished

Notes
Turn   | Place    | Note
-------+----------+-------------------------------------------
     0 | D:1      | polly the Demonspawn Gladiator began the quest for the Orb.
     0 | D:1      | Reached XP level 1. HP: 16/16 MP: 1/1
     4 | D:1      | Noticed a felid
     6 | D:1      | Noticed a halfling
     6 | D:1      | Noticed a ghoul
     8 | D:1      | Noticed a tengu
     8 | D:1      | Noticed a vampire
    10 | D:1      | Noticed a gargoyle
    10 | D:1      | Noticed a vine stalker
    12 | D:1      | Noticed a spriggan
    12 | D:1      | Noticed a demigod
    14 | D:1      | Noticed a centaur
    14 | D:1      | Noticed a dwarf
    16 | D:1      | Noticed a naga
    16 | D:1      | Noticed an ogre
    18 | D:1      | Noticed a minotaur
    18 | D:1      | Noticed an octopode
    20 | D:1      | Noticed a draconian
    20 | D:1      | Noticed a formicid
    22 | D:1      | Noticed a merfolk
    22 | D:1      | Noticed a troll
    24 | D:1      | Noticed an elf
    26 | D:1      | Noticed a human
    26 | D:1      | Noticed a demonspawn
   151 | D:1      | Gained mutation: You have sharp fingernails. [demonic ancestry]
   151 | D:1      | Reached XP level 2. HP: 21/22 MP: 2/2
   908 | D:2      | Reached skill level 1 in Unarmed Combat
   908 | D:2      | Gained mutation: You are surrounded by a mild repulsion field. (EV +2) [demonic ancestry]
   908 | D:2      | Reached XP level 3. HP: 26/27 MP: 3/3
  1145 | D:2      | Found a shimmering altar of Xom.
  1735 | D:2      | Reached skill level 2 in Unarmed Combat
  1972 | D:2      | Gained mutation: A weak demonic guardian rushes to your aid. [demonic ancestry]
  1972 | D:2      | Reached XP level 4. HP: 34/34 MP: 4/4
  2069 | D:2      | Noticed Robin
  2087 | D:2      | Killed Robin
  2346 | D:2      | Found a bloodstained altar of Trog.
  2402 | D:2      | Found a glowing silver altar of Zin.
  2445 | D:2      | Noticed Jessica
  2451 | D:2      | Killed Jessica
  2631 | D:3      | Reached skill level 1 in Stealth
  2631 | D:3      | Reached XP level 5. HP: 20/39 MP: 5/5
  2893 | D:3      | Noticed Natasha
  2921 | D:3      | Killed Natasha
  2921 | D:3      | Reached skill level 3 in Unarmed Combat
  3170 | D:3      | Noticed Grinder
  3172 | D:3      | Paralysed by Grinder for 4 turns
  3183 | D:3      | Paralysed by Grinder for 6 turns
  3201 | D:3      | Paralysed by Grinder for 7 turns
  3211 | D:3      | Killed Grinder
  3211 | D:3      | Reached skill level 1 in Armour
  3211 | D:3      | Gained mutation: You have very sharp fingernails. [demonic ancestry]
  3211 | D:3      | Reached XP level 6. HP: 4/46 MP: 6/6
  3405 | D:3      | Reached skill level 4 in Unarmed Combat
  3862 | D:3      | Noticed Natasha
  3895 | D:3      | Killed Natasha
  4298 | D:3      | Noticed Natasha
  4304 | D:3      | Killed Natasha
  4609 | D:4      | Noticed tself55's ghost (amateur TeAE)
  4620 | D:4      | Killed from afar by tself55's ghost

Vault maps used:
D:1:      kb_arrival_jail, serial_forest, infiniplex_forest_lined_2,
          infiniplex_forest_clump_diagonal, infiniplex_forest_clump_large,
          infiniplex_forest_side_room, infiniplex_forest_clump_small,
          infiniplex_forest_clump_C, infiniplex_forest_clump_double,
          infiniplex_forest_lined_2
D:2:      old_standard_altar, marbit_many_paths, lemuel_crystal_altar,
          first_bread, minmay_octomino_c4, uniq_jessica, uniq_robin
D:3:      uniq_grinder, uniq_natasha
D:4:      minmay_temple_entry_nine_rooms, uniq_duvessa

Skill      XL: |  1  2  3  4  5  6 |
---------------+-------------------+-----
Long Blades    | 3 |  3.0
Dodging        | 3 |  3.8
Unarmed Combat | 1 2 3 4 |  4.7
Stealth        | 1 |  1.0
Armour         | 1 2 |  2.0
Fighting       | |  2.7
Throwing       | |  1.9

Action                   |  1- 3 |  4- 6 || total
-------------------------+-------+-------++-------
Melee: Long sword        |    12 |       ||    12
       Unarmed           |   154 |   277 ||   431
       Punch             |       |     4 ||     4
Throw: Throwing net      |       |     5 ||     5
 Stab: Sleeping          |     2 |       ||     2
       Held in net/web   |       |     2 ||     2
       Distracted        |       |     1 ||     1
  Eat: Chunk             |     3 |     5 ||     8
       Bread ration      |       |     1 ||     1
Armor: Leather armour    |    22 |       ||    22
       Ring mail         |    17 |    70 ||    87
Dodge: Dodged            |   126 |   195 ||   321
       Rpst.: Long sword |     4 |       ||     4
